 Dungeon Crawl Stone Soup version 0.29.0-7-g18a832c13a (webtiles) character file.

Game seed: 1497624931601370368

266078 ProzacElf the Bludgeoner (level 19, -13/120 (155) HPs)
             Began as a Demonspawn Wanderer on Aug 29, 2022.
             Was a Believer of Yredelemnul.
             Killed from afar by a halazid warlock (43 damage)
             ... with a ghostly fireball
             ... in the Desolation of Salt on Aug 30, 2022.
             The game lasted 02:46:59 (44720 turns).

ProzacElf the Bludgeoner (Demonspawn Wanderer)     Turns: 44720, Time: 02:46:59

HP:   -13/120 (155) AC: 42    Str: 23    XL:     19   Next: 31%
MP:   0/30          EV: 16    Int: 16    God:    Yredelemnul [**....]
Gold: 826           SH:  0    Dex: 16    Spells: 20/24 levels left

rFire   + . .      SeeInvis .   a - +6 demon whip (freeze)
rCold   + + +      Faith    .   P - +7 tower shield
rNeg    . . .      Spirit   +   C - +13 plate armour "Dabann" {rC+ Will+ Dex-3}
rPois   +          Reflect  .   (helmet unavailable)
rElec   .          Harm     .   K - +2 cloak {rCorr}
rCorr   +          Rampage  .   S - +1 pair of gloves "Emopalyn" {Regen+}
Will    ++...                   c - +1 pair of boots of Wasted Space {+Inv rCorr Dex+3}
Stlth   ..........              g - amulet of Niukhlaseb {Spirit Dex+4}
HPRegen 1.10/turn               N - ring "Juhipram" {Wiz Drain rC+++ Str+4}
MPRegen 0.22/turn               V - ring of protection from fire

@: confused, agile, about to teleport, ambrosia-drunk, hasted, studying
Fighting, heavily drained, very quick
A: horns 3, slimy green scales 3, powered by pain 2, demonic magic 2, bedeviling
}: 2/15 runes: decaying, gossamer
a: Renounce Religion, Evoke Invisibility, Recall Undead Harvest, Dark Bargain


You were in the Desolation of Salt.
You worshipped Yredelemnul.
Yredelemnul was pleased with you.
You visited 7 branches of the dungeon, and saw 33 of its levels.
You also visited: Gauntlet, Volcano and Desolation.

You collected 3089 gold pieces.
You spent 2263 gold pieces at shops.

Inventory:

Hand Weapons
 a - a +6 demon whip of freezing (weapon)
 b - the +3 morningstar of Salt {spect, rC+ Int+2}
   (You found it in a Gauntlet)

   When its wielder attacks, the weapon's spirit leaps out and strikes again.
   The spirit shares a part of any damage it takes with its wielder.
   Int:       It affects your intelligence (+2).
   rC:        It protects you from cold.
Missiles
 w - 4 throwing nets
 L - 4 curare-tipped darts
 W - 5 silver javelins (quivered)
Armour
 c - the +1 pair of boots of Wasted Space (worn) {+Inv rCorr Dex+3}
   (You found it in a volcano)

   Dex:       It affects your dexterity (+3).
   +Inv:      It lets you turn invisible.
   rCorr:     It protects you from acid and corrosion.
 C - the +13 plate armour "Dabann" (worn) {rC+ Will+ Dex-3}
   (You found it on level 4 of the Dungeon)

   Dex:       It affects your dexterity (-3).
   rC:        It protects you from cold.
   Will:      It increases your willpower.
 K - a +2 cloak of preservation (worn)
 P - a +7 tower shield (worn)
 S - the +1 pair of gloves "Emopalyn" (worn) {Regen+}
   (You found it on level 1 of the Vaults)

   Regen:     It increases your rate of health regeneration.
Jewellery
 g - the amulet of Niukhlaseb (around neck) {Spirit Dex+4}
   (You acquired it on level 6 of the Dungeon)

   [amulet of guardian spirit]

   It causes incoming damage to be divided between your reserves of health and
   magic.
   Dex:       It affects your dexterity (+4).
 i - the amulet "Ronaotz" {Rampage Regen+ rCorr Int+2 Dex-4}
   (You found it in the Desolation of Salt)

   [amulet of regeneration]

   Int:       It affects your intelligence (+2).
   Dex:       It affects your dexterity (-4).
   Regen:     It increases your rate of health regeneration.
   rCorr:     It protects you from acid and corrosion.
   Rampage:   It bestows one free step when moving towards enemies.
 N - the ring "Juhipram" (left hand) {Wiz Drain rC+++ Str+4}
   (You found it in a Gauntlet)

   [ring of wizardry]

   It improves your spell success rate.
   Str:       It affects your strength (+4).
   rC:        It renders you almost immune to cold.
   Drain:     It drains your maximum health when unequipped.
 V - a ring of protection from fire (right hand)
Wands
 d - a wand of roots (14)
 j - a wand of flame (22)
 l - a wand of light (5)
 r - a wand of polymorph (10)
 s - a wand of paralysis (14)
 U - a wand of digging (3)
 Y - a wand of mindburst (4)
Scrolls
 f - 7 scrolls of poison
 h - 3 scrolls of immolation
 B - 3 scrolls of fog
 E - a scroll of summoning
 Q - a scroll of fear
 R - 5 scrolls of teleportation
 T - 2 scrolls of brand weapon
Potions
 e - 8 potions of curing
 k - 4 potions of berserk rage
 m - 7 potions of mutation
 p - 11 potions of brilliance
 u - 2 potions of resistance
 x - a potion of cancellation
 z - 5 potions of flight
 A - 2 potions of invisibility
 D - 9 potions of ambrosia {!e}
 F - 3 potions of lignification
 G - 3 potions of magic
 I - 4 potions of haste
Miscellaneous
 n - a phial of floods (inert)
 q - a condenser vane (inert)
 v - a tin of tremorstones (inert)
 J - a phantom mirror


   Skills:
 + Level 15.2 Fighting
 - Level 16.0 Maces & Flails
 - Level 5.0 Throwing
 - Level 15.0 Armour
 - Level 13.2 Dodging
 - Level 1.0 Stealth
 + Level 13.8 Shields
 - Level 3.0 Spellcasting
 - Level 3.6 Summonings
 - Level 4.0 Poison Magic
 - Level 15.0 Invocations
 - Level 10.0 Evocations


You had 20 spell levels left.
You knew the following spells:

 Your Spells              Type           Power      Damage    Failure   Level
a - Summon Small Mammal   Summ           56%        N/A       50%         1
b - Poisonous Vapours     Pois/Air       16%        N/A       83%         2
p - Apportation           Tloc           4%         N/A       92%         1

Your spell library contained the following spells:

 Spells                   Type           Power      Damage    Failure   Level
 Call Imp                 Summ           14%        N/A       63%         2
 Sting                    Tmut/Pois      32%        1d4       71%         1
 Call Canine Familiar     Summ           14%        N/A       85%         3
 Magic Dart               Conj           8%         1d3       92%         1
 Sandblast                Erth           4%         2d4       92%         1
 Slow                     Hex            12%        N/A       92%         1
 Summon Guardian Golem    Hex/Summ       12%        N/A       97%         3
 Ensorcelled Hibernation  Hex/Ice        6%         N/A       98%         2
 Passwall                 Tmut/Erth      1%         N/A       98%         2
 Ignite Poison            Fire/Tmut/Pois 6%         N/A       98%         3
 Mephitic Cloud           Conj/Pois/Air  6%         N/A       98%         3
 Confusing Touch          Hex            3%         N/A       99%         3
 Conjure Flame            Conj/Fire      2%         6-21      99%         3
 Gell's Gravitas          Tloc           2%         N/A       99%         3
 Lesser Beckoning         Tloc           2%         N/A       99%         3
 Portal Projectile        Hex/Tloc       6%         N/A       99%         3
 Swiftness                Air            2%         N/A       99%         3
 Teleport Other           Tloc           2%         N/A       99%         3
 Vampiric Draining        Necr           2%         2d6       99%         3
 Olgreb's Toxic Radiance  Pois           15%        N/A       99%         4
 Animate Armour           Summ/Erth      16%        N/A       100%        4
 Iskenderun's Mystic Bla  Conj/Tloc      2%         2d3       100%        4
 Leda's Liquefaction      Hex/Erth       1%         N/A       100%        4
 Sticky Flame             Conj/Fire      2%         2d3       100%        4
 Summon Ice Beast         Ice/Summ       8%         N/A       100%        4
 Silence                  Hex/Air        1%         N/A       100%        5
 Summon Mana Viper        Hex/Summ       12%        N/A       100%        5
 Dispersal                Tloc           1%         N/A       100%        6
 Statue Form              Tmut/Erth      1%         N/A       100%        6
 Monstrous Menagerie      Summ           7%         N/A       100%        7
 Discord                  Hex            1%         N/A       100%        8
 Lehudib's Crystal Spear  Conj/Erth      1%         10d2      100%        8


Dungeon Overview and Level Annotations

Branches:
Dungeon (15/15)            Temple (1/1) D:7            Lair (5/5) D:8
  Swamp (4/4) Lair:3       Spider (4/4) Lair:2        Slime (0/5) Lair:5
    Orc (2/2) D:12            Elf (0/3) Orc:2        Vaults (2/5) D:14
  Crypt (0/3) Vaults:2     Depths (0/4) D:15        Volcano (visited)
Desolation (1/1)          Gauntlet (visited)

Altars:
Ashenzari
Cheibriados
Dithmenos
Fedhas
Gozag
Hepliaklqana
Kikubaaqudgha
Makhleb
Nemelex Xobeh
Okawaru
Qazlal
Ru
Sif Muna
Trog
Uskayaw
Vehumet
Wu Jian
Xom
Yredelemnul

Shops:
D:2 [   D:11 ?   D:13 *=   Orc:1 *   Orc:2 :?![:

Annotations:
Lair:4 3 runed translucent doors, Nyzic's ghost, journeyman TrMo
Lair:5 1 runed translucent door


Innate Abilities, Weirdness & Mutations

You have a pair of large horns on your head.
You are completely covered in slimy green scales. (AC +4, rPois)
You sometimes gain power by taking damage.
Spells you cast may paralyse nearby enemies.
Your hexes are more powerful.


Message History

Tha saltlin' blinks inta view! x3
Okay, than.
Cast which spell? (? or * ta list) Okay, than.
Ye feel much better.
A saltlin' comes inta view.
Ye block tha saltlin''s attack. x2
Tha saltlin' hits ye but does nay damage. x2
Tha saltlin' hits ye!
* * * LOW HITPOINT WARNIN'
* * * Ye regain'd 17 hp, an' now haf 35/131 hp.
As ye read tha scroll o' teleportation, it crumbles ta dust.
Ye feel strangely unst'ble.
Ye block tha saltlin''s attack.
Tha halazid warlock touches ye but does nay damage.
A ragged hierophant comes inta view.
It be wieldin' a +0 dagger.
Tha ragged hierophant shouts!
Ye thrash tha saltlin'!!
Ye freeze tha saltlin'.
Tha saltlin' be almost destroyed.
Tha saltlin' hits ye but does nay damage.
Ye block tha saltlin''s attack. x2; Tha saltlin' completely misses ye.
Tha saltlin' hits ye but does nay damage.
Tha saltlin' misses ye.
Tha imperial mermidon unwields a +0 vorpal shortbow.
Tha imperial mermidon wields tha +6 quarterstaff "Lole" {pain, MP+9 Str+3}.
Tha imperial mermidon hits ye but does nay damage.
Ye writha in agony!
* * * LOW HITPOINT WARNIN'
* * * Ye take 9 damage, an' haf 26/131 hp.
Ye now haf 1/30 mp.
Ye be confused.
Ye feel invigorated.
Tha halazid warlock gestures at tha saltlin' while chantin'.
Tha saltlin''s animatin' energy erupts inta ghostly fire!
Tha ghostly flame 'splodes!
Tha ghostly fireball 'ngulfs tha saltlin'.
Tha saltlin' completely resists.
Tha ghostly fireball 'ngulfs tha saltlin'.
Tha saltlin' completely resists.
Tha ghostly fireball 'ngulfs ye!!!
Ye feel drain'd.
Ye die...
Yer body rises from tha dead as a mindless zombie.

................. ..#...
........................ ........
....a....L9......................
........§........................
...9..9...............a..........
#a.a.99S..9.S§...................
#89ZLL99....§§§......9...........
###a..999...§§..9L...............
Z).aZ.9.9....§§9@9...............
....).§§§9§.§§§a99...............
###)§.§§.§..§§§§...............##
#8..§.§a.§§§§§§§§................
#...§§§9§§§§§§§§.................
.....§§.§.§§§§.§§................
...§♣§§...§§.....................
...♣§............................
.................................


You could see a ragged hierophant, an imperial myrmidon, 2 halazid warlocks, a
guardian serpent (summoned) and 6 saltlings.

Vanquished Creatures
  Bai Suzhen (Swamp:3)
  Nikola (Swamp:4)
  The ghost of TPoD the Slayer, an adept HOMo of Beogh (Vaults:1)
  Arachne (Spider:1)
  Jorgrun (D:14)
  Rupert (D:14)
  A sphinx (Vaults:1)
  Donald (Swamp:3)
  2 thorn hunters (Swamp:4)
  Kirke (D:14)
  An orc warlord (Orc:1)
  3 vault wardens (Vaults:1)
  2 emperor scorpions
  4 ghost moths
  Aizul (Swamp:3)
  2 ghouls (Swamp:2)
  3 ironbound preservers
  A very ugly thing (Vaults:1)
  3 ironbound thunderhulks (Vaults:1)
  An eleionoma (Swamp:1)
  2 green draconians (Swamp:1)
  3 bunyips
  A minotaur (Gauntlet)
  A halazid warlock (Desolation)
  4 entropy weavers
  6 dire elephants
  2 spark wasps
  2 shambling mangroves
  7 ragged hierophants (Desolation)
  2 servants of whispers (Desolation)
  2 yaktaur captains (Vaults:1)
  2 ogre magi (Orc:2)
  8 boulder beetles
  Harold (Lair:2)
  A spriggan air mage (Swamp:3)
  9 hydras
  3 peacekeepers
  3 jorogumos
  2 catoblepae
  A ghost crab (Swamp:4)
  5 centaur warriors
  4 ironbound frosthearts
  A radroach (Spider:1)
  A death knight (D:14)
  4 alligators
  A vampire mage (D:15)
  5 two-headed ogres
  Urug (Lair:4)
  A titan zombie (D:15)
  Sonja (D:11)
  A deep elf knight (Spider:4)
  Amaemon (D:9)
  A fire crab (Lair:4)
  9 pharaoh ants
  2 sun moths (Spider:4)
  3 sea snakes (Vaults:1)
  2 skeletal warriors (D:15)
  2 spriggan druids
  4 goliath frogs
  A spriggan rider (Swamp:3)
  2 orb spiders
  An obsidian statue (Vaults:1)
  7 swamp dragons
  4 deep trolls (Vaults:1)
  5 steelbarb worms
  2 phantasmal warriors
  2 lindwurms (Vaults:1)
  4 ironbound convokers
  3 bog bodies
  Pikel (D:5)
  A deep elf pyromancer (D:15)
  3 orc knights
  3 wizards
  A necromancer (D:15)
  29 wolf spiders
  11 cyclopes
  10 ugly things
  8 orc sorcerers (Orc:2)
  A will-o-the-wisp (Swamp:3)
  2 fire giant zombies (D:15)
  2 manticores
  2 moths of wrath
  A salamander (Volcano)
  Maurice (D:9)
  4 torpor snails
  4 elephants (Lair:4)
  A guardian serpent (shapeshifter) (D:13)
  3 black mambas
  Joseph (D:7)
  7 cane toads
  4 molten gargoyles (Volcano)
  A vault sentinel (Vaults:1)
  4 gargoyles
  3 rime drakes (Lair:2)
  4 demonic crawlers
  2 freezing wraiths
  5 komodo dragons
  A spriggan skeleton (D:15)
  An unseen horror (D:6)
  10 yaktaurs (Vaults:1)
  8 trolls
  A meliai (D:14)
  2 tengu simulacra (Vaults:1)
  6 polar bears
  17 hornets
  21 saltlings
  5 tyrant leeches
  A raiju (Spider:4)
  24 tarantellas
  4 dream sheep
  8 blink frogs
  16 slime creatures
  A spectral dream sheep (Lair:5)
  A meliai zombie (D:14)
  A jumping spider zombie (Spider:2)
  16 jumping spiders
  14 spriggans
  7 culicivoras
  A shadow (D:11)
  Sigmund (D:2)
  35 yaks
  2 wyverns
  A fire elemental (Spider:2)
  7 wraiths
  5 basilisks
  A spectral komodo dragon (Lair:5)
  2 hogs (D:14)
  24 redbacks
  2 steam dragons
  Edmund (D:5)
  10 vampire mosquitoes
  A spectral cane toad (Lair:5)
  A yaktaur simulacrum (Vaults:1)
  16 swamp worms
  2 wargs
  4 acid dragons
  9 water moccasins
  A human simulacrum (Vaults:1)
  A sky beast (D:7)
  6 swamp drakes
  Duvessa (D:6)
  4 hell hounds (Spider:2)
  3 ice beasts
  4 black bears
  20 orc warriors
  2 boggarts (Lair:5)
  18 wolves
  12 ogres
  8 centaurs
  A lemure (D:5)
  Blork the orc (D:5)
  2 kobold brigands (D:7)
  16 bullfrogs
  3 necrophages
  A scorpion (D:7)
  20 wights
  Dowan (D:6)
  11 killer bees
  A vampire bat (Lair:5)
  4 howler monkeys
  A basilisk zombie (D:14)
  4 orc priests
  Crazy Yiuf (D:6)
  2 hounds (D:4)
  2 jellies
  2 iguanas
  28 orc wizards
  4 hell rats (Lair:1)
  6 adders
  2 white imps
  A dart slug (D:1)
  58 orcs
  2 endoplasms
  A giant cockroach (D:1)
  7 hobgoblins
  A quokka (D:2)
  6 ball pythons
  10 bats
  A frilled lizard (D:2)
  3 goblins
  15 kobolds
  6 rats
  3 briar patches (Swamp:4)
890 creatures vanquished.

Vanquished Creatures (collateral kills)
  Agnes (D:14)
  Roxanne (Swamp:3)
  A fenstrider witch (Swamp:4)
  An emperor scorpion (Spider:4)
  Louise (Spider:2)
  A ghost moth (Spider:3)
  2 ironbound thunderhulks (Vaults:1)
  The ghost of Thalamas the Severer, a journeyman MiBe of Trog (Lair:5)
  An eleionoma (Swamp:3)
  A halazid warlock (Desolation)
  3 dire elephants (Vaults:1)
  4 bunyips
  2 spark wasps (Spider:4)
  A crystal guardian (Vaults:1)
  A shambling mangrove (Swamp:4)
  2 boulder beetles
  8 hydras
  A radroach (Spider:2)
  A jorogumo (Spider:4)
  An ironbound frostheart (Vaults:1)
  A catoblepas (Lair:4)
  A ghost crab (Swamp:1)
  An alligator (Swamp:3)
  A death knight (D:14)
  A pharaoh ant (Spider:4)
  An entropy weaver zombie (Vaults:1)
  A goliath frog (Swamp:2)
  3 deep trolls (Vaults:1)
  7 swamp dragons (Swamp:4)
  2 bog bodies (Swamp:4)
  2 spriggan druids
  5 orb spiders
  A deep elf archer (Spider:4)
  A harpy (shapeshifter) (D:14)
  5 wolf spiders
  A wolf spider zombie (Spider:4)
  A necromancer (Vaults:1)
  An ugly thing (Vaults:1)
  A will-o-the-wisp (Swamp:2)
  2 salamanders (Volcano)
  A manticore (D:13)
  A moth of wrath (Spider:3)
  2 cyclopes (Orc:2)
  An elephant (Lair:4)
  A stone giant skeleton (Vaults:1)
  A black mamba (Lair:5)
  A vault sentinel (Vaults:1)
  A gargoyle (Volcano)
  3 torpor snails
  2 cane toads
  An orange demon (D:9)
  An elf zombie (Vaults:1)
  3 yaktaurs (Vaults:1)
  A demonic crawler (Spider:2)
  2 efreet
  A komodo dragon (Lair:1)
  2 polar bears (Lair:5)
  A meliai (D:14)
  7 tyrant leeches
  A troll (Orc:2)
  9 tarantellas
  11 blink frogs
  9 dream sheep
  3 slime creatures
  11 hornets
  10 jumping spiders
  A spectral black mamba (Lair:5)
  16 spriggans
  5 yaks (Lair:5)
  6 culicivoras
  3 wraiths
  A fire elemental (Spider:2)
  11 redbacks
  3 vampire mosquitoes (Swamp:2)
  8 swamp worms
  3 water moccasins
  4 swamp drakes
  2 hell hounds (Spider:2)
  2 orc warriors
  An ice beast (D:6)
  3 black bears
  A boggart (Lair:5)
  A boulder beetle simulacrum (Lair:5)
  6 wolves (Lair:5)
  2 centaurs
  5 bullfrogs
  A necrophage (Swamp:2)
  A cane toad simulacrum (Lair:5)
  A wight (D:10)
  3 killer bees
  A howler monkey (D:7)
  A komodo dragon simulacrum (Lair:5)
  A hound (D:5)
  5 orc wizards
  3 hell rats (Lair:1)
  3 adders
  An ufetubus (D:5)
  9 orcs
  A kobold (D:7)
  A bat (Lair:5)
  An orc zombie (D:12)
  A rat (D:3)
  A butterfly (Lair:3)
  A fungus (Lair:5)
281 creatures vanquished.

Vanquished Creatures (others)
  A very ugly thing zombie (Vaults:1)
  A ragged hierophant (Desolation)
  A spectral efreet (Spider:3)
  A guardian serpent zombie (Swamp:3)
  A spectral hydra (Lair:5)
  2 ogre zombies (Vaults:1)
  An entropy weaver zombie (Vaults:1)
  2 spark wasp zombies (Spider:4)
  9 wolf spider zombies
  A jorogumo zombie (Spider:2)
  An ugly thing zombie (Vaults:1)
  A will-o-the-wisp (Swamp:4)
  2 dire elephant zombies (Vaults:1)
  A catoblepas zombie (Lair:4)
  2 yaktaur zombies (Vaults:1)
  2 orb spider zombies (Spider:4)
  12 redback zombies
  A steelbarb worm zombie (Spider:4)
  8 swamp worm zombies
  3 sea snake zombies (Vaults:1)
  A moth of wrath zombie (Spider:3)
  A demonic crawler zombie (Spider:2)
  7 hydra zombies
  7 tarantella zombies
  A bloated husk (Swamp:2)
  5 culicivora zombies
  A hornet (Swamp:4)
  4 jumping spider zombies
  A spectral human (Desolation)
  A saltling (Desolation)
  A meliai zombie (D:14)
  A black mamba zombie (Lair:5)
  A spriggan (Swamp:4)
  2 tyrant leech zombies
  A slime creature zombie (Vaults:1)
  2 cane toad zombies (Lair:5)
  A swamp dragon zombie (Swamp:4)
  A lindwurm zombie (Vaults:1)
  5 hornet zombies
  4 human zombies
  A dream sheep zombie (Lair:5)
  3 elephant zombies (Lair:4)
  A hog zombie (D:14)
  3 blink frog zombies
  6 vampire mosquito zombies
  A fire crab zombie (Lair:4)
  A salamander zombie (Volcano)
  A wyvern zombie (Lair:3)
  A hell hound zombie (Spider:2)
  A water moccasin zombie (Lair:1)
  2 cyclops zombies (Volcano)
  2 polar bear zombies (Lair:5)
  5 yak zombies
  A troll zombie (D:7)
  11 spriggan zombies
  9 wolf zombies (Lair:5)
  3 centaur zombies
  2 black bear zombies
  3 bullfrog zombies
  2 orc wizards (Orc:2)
  2 boggart zombies (Lair:5)
  2 killer bee zombies (D:6)
  An acid dragon zombie (D:14)
  5 kobold zombies (D:7)
  2 swamp drake zombies (Swamp:4)
  An elf zombie (D:6)
  An adder zombie (D:6)
  3 bat zombies (Lair:5)
  22 orc zombies
  A spectral ufetubus (D:5)
  8 foxfires
  94 fungi
  90 plants
  22 withered plants
414 creatures vanquished.

Grand Total: 1585 creatures vanquished

Notes
Turn   | Place    | Note
-------+----------+-------------------------------------------
     0 | D:1      | ProzacElf the Demonspawn Wanderer began the quest for the
                  | Orb.
     0 | D:1      | ProzacElf set off with the following items: a +0 dagger, a
                  | potion of brilliance, a +0 scale mail; and the following
                  | spells available to memorise: Summon Small Mammal,
                  | Apportation, Lesser Beckoning, Animate Armour, Summon Ice
                  | Beast.
     0 | D:1      | Reached XP level 1. HP: 15/15 MP: 4/4
     2 | D:1      | Learned a level 1 spell: Summon Small Mammal
     4 | D:1      | Learned a level 1 spell: Apportation
   695 | D:1      | Gained mutation: You have a pair of small horns on your
                  | head. [demonic ancestry]
   695 | D:1      | Reached XP level 2. HP: 20/21 MP: 6/6
  1853 | D:2      | Found Dilig's Antique Armour Boutique.
  1859 | D:2      | Noticed Sigmund
  1889 | D:2      | Reached XP level 3. HP: 23/26 MP: 7/7
  1970 | D:3      | Learned a level 2 spell: Poisonous Vapours
  2203 | D:3      | Found a sacrificial altar of Ru.
  2206 | D:3      | Reached skill level 1 in Poison Magic
  2236 | D:3      | Gained mutation: Spells you cast may paralyse adjacent
                  | enemies. [demonic ancestry]
  2236 | D:3      | Reached XP level 4. HP: 24/32 MP: 6/8
  2364 | D:3      | Found an iron altar of Okawaru.
  2795 | D:3      | Found a faded altar of an unknown god.
  3174 | D:4      | Gained mutation: You sometimes gain a little power by
                  | taking damage. [demonic ancestry]
  3174 | D:4      | Reached XP level 5. HP: 30/37 MP: 9/9
  3795 | D:4      | Identified the +13 plate armour "Dabann" {rC+ Will+ Dex-3}
  3955 | D:4      | Found an opulent altar of Gozag.
  3959 | D:4      | Found a hide-covered altar of Uskayaw.
  3961 | D:4      | Found a shadowy altar of Dithmenos.
  3962 | D:4      | Found a snail-covered altar of Cheibriados.
  3963 | D:4      | Found a basalt altar of Yredelemnul.
  3964 | D:4      | Found a shimmering blue altar of Sif Muna.
  3979 | D:4      | Became a worshipper of Yredelemnul the Dark
  4202 | D:4      | Gained mutation: You have a pair of horns on your head.
                  | [demonic ancestry]
  4202 | D:4      | Reached XP level 6. HP: 43/43 MP: 10/10
  4254 | D:5      | Entered Level 5 of the Dungeon
  4357 | D:5      | Noticed a water moccasin
  4376 | D:5      | Killed a water moccasin
  4376 | D:5      | Reached * piety under Yredelemnul
  4546 | D:5      | Noticed Blork the orc
  4556 | D:5      | Killed Blork the orc
  4557 | D:5      | Reached XP level 7. HP: 34/48 MP: 11/11
  4678 | D:5      | Reached skill level 5 in Armour
  4846 | D:6      | Identified a scroll of acquirement
  4846 | D:6      | Acquired the amulet of Niukhlaseb {Spirit Dex+4}
  4857 | D:6      | Noticed Edmund
  4921 | D:5      | Killed Edmund
  4922 | D:5      | Reached skill level 5 in Invocations
  4989 | D:6      | Noticed Duvessa
  5023 | D:6      | Noticed a steam dragon
  5041 | D:6      | Killed a steam dragon
  5042 | D:6      | Gained mutation: Spells you cast may paralyse nearby
                  | enemies. [demonic ancestry]
  5042 | D:6      | Reached XP level 8. HP: 18/54 MP: 6/13
  5260 | D:6      | Noticed Pikel
  5309 | D:5      | Killed Pikel
  5310 | D:5      | Reached skill level 10 in Invocations
  5330 | D:6      | Reached skill level 1 in Maces & Flails
  5361 | D:6      | Noticed a two-headed ogre
  5379 | D:6      | Reached skill level 3 in Maces & Flails
  5389 | D:6      | Killed a two-headed ogre
  5390 | D:6      | Reached skill level 5 in Maces & Flails
  5390 | D:6      | Gained mutation: You are partially covered in slimy green
                  | scales. (AC +2) [demonic ancestry]
  5390 | D:6      | Reached XP level 9. HP: 52/59 MP: 12/16
  5394 | D:6      | Killed an unseen horror
  5395 | D:6      | Reached skill level 6 in Maces & Flails
  5635 | D:6      | Noticed Dowan
  5640 | D:6      | Killed Duvessa
  5641 | D:6      | Reached skill level 7 in Maces & Flails
  5645 | D:6      | Killed Dowan
  6182 | D:6      | Found a runed translucent door.
  6183 | D:6      | Noticed Crazy Yiuf
  6191 | D:6      | Your ally Dowan died
  6193 | D:6      | Killed Crazy Yiuf
  6881 | D:7      | Noticed a troll
  6887 | D:7      | Gained mutation: You are mostly covered in slimy green
                  | scales. (AC +3) [demonic ancestry]
  6887 | D:7      | Reached XP level 10. HP: 56/70 MP: 12/17
  6973 | D:7      | Noticed Joseph
  6990 | D:7      | Killed Joseph
  6991 | D:7      | Reached skill level 8 in Maces & Flails
  7545 | D:7      | Reached ** piety under Yredelemnul
  7700 | D:7      | Found a staircase to the Ecumenical Temple.
  7708 | Temple   | Entered the Ecumenical Temple
  8099 | D:8      | Noticed a two-headed ogre
  8123 | D:8      | Killed a two-headed ogre
  8124 | D:8      | Reached skill level 5 in Fighting
  8124 | D:8      | Reached skill level 5 in Evocations
  8141 | D:8      | Reached skill level 9 in Maces & Flails
  8393 | D:8      | Reached *** piety under Yredelemnul
  8442 | D:8      | Reached **** piety under Yredelemnul
  8445 | D:8      | Found a staircase to the Lair.
  8532 | D:8      | Reached ***** piety under Yredelemnul
  8533 | D:8      | Reached skill level 10 in Maces & Flails
  9205 | D:8      | Reached XP level 11. HP: 78/78 MP: 18/18
  9549 | D:9      | Noticed Maurice
  9578 | D:9      | Killed Maurice
  9958 | D:9      | Got the Folio of the Excursion and Production
 10236 | D:9      | Noticed Amaemon
 10241 | D:9      | Reached skill level 11 in Maces & Flails
 10252 | D:9      | Killed Amaemon
 10921 | Lair:1   | Entered Level 1 of the Lair of Beasts
 11106 | Lair:1   | Reached skill level 12 in Maces & Flails
 11106 | Lair:1   | Reached skill level 1 in Dodging
 11107 | Lair:1   | Reached skill level 1 in Shields
 11212 | Lair:1   | Reached ****** piety under Yredelemnul
 11219 | Lair:1   | Reached skill level 5 in Dodging
 11366 | Lair:1   | Found a dark tunnel.
 11371 | Volcano  | Entered a volcano
 11549 | Volcano  | Gained mutation: You sometimes gain power by taking damage.
                  | [demonic ancestry]
 11549 | Volcano  | Reached XP level 12. HP: 74/86 MP: 16/19
 11559 | Volcano  | Identified the +1 pair of boots of Wasted Space {+Inv rCorr
                  | Dex+3}
 11739 | Volcano  | Reached skill level 5 in Shields
 12160 | Volcano  | Noticed an orb of fire
 12165 | Volcano  | Identified the +2 helmet of the Bouncing Leylines {Contam
                  | Harm rC++ rCorr}
 12570 | Volcano  | Noticed an orb of fire
 12818 | Lair:1   | Reached skill level 10 in Dodging
 13580 | Lair:2   | You fall into a shaft and drop 2 floors!
 13637 | Lair:3   | Found a staircase to the Swamp.
 13860 | Lair:2   | Noticed Harold
 13874 | Lair:2   | Killed Harold
 14067 | Lair:2   | Gained mutation: You have a pair of large horns on your
                  | head. [demonic ancestry]
 14067 | Lair:2   | Reached XP level 13. HP: 91/91 MP: 20/20
 14091 | Lair:2   | Found a hole to the Spider Nest.
 14235 | Lair:2   | Reached skill level 10 in Armour
 14304 | Lair:2   | Reached skill level 1 in Throwing
 15419 | Lair:4   | Noticed Urug
 15440 | Lair:4   | Killed Urug
 15896 | Lair:4   | Found a runed translucent gate.
 15896 | Lair:4   | Found a runed translucent gate.
 15900 | Lair:4   | Found a runed translucent gate.
 15900 | Lair:4   | Noticed Nyzic's ghost (journeyman TrMo)
 16114 | Lair:4   | Reached skill level 13 in Maces & Flails
 16114 | Lair:4   | Reached skill level 5 in Throwing
 16494 | Lair:5   | Entered Level 5 of the Lair of Beasts
 16749 | Lair:5   | Found a runed translucent gate.
 16808 | Lair:5   | Found a runed translucent gate.
 16808 | Lair:5   | Found a runed translucent gate.
 16809 | Lair:5   | Noticed Thalamas's ghost (journeyman MiBe)
 16943 | Lair:5   | Reached skill level 14 in Maces & Flails
 17164 | Lair:5   | Found a runed translucent door.
 17167 | Lair:5   | Found a staircase to the Slime Pits.
 17433 | Lair:5   | Gained mutation: You are completely covered in slimy green
                  | scales. (AC +4, rPois) [demonic ancestry]
 17433 | Lair:5   | Reached XP level 14. HP: 98/98 MP: 21/21
 17780 | Lair:5   | Reached skill level 15 in Maces & Flails
 18307 | Lair:5   | Killed Thalamas's ghost
 18643 | D:10     | Entered Level 10 of the Dungeon
 18749 | D:10     | Found a burning altar of Makhleb.
 18803 | D:10     | Identified the +1 robe "Apuupups" {rPois}
 19454 | D:11     | Found a gate leading to a gauntlet.
 19463 | Gauntlet | Entered a Gauntlet
 19463 | Gauntlet | Found a transporter.
 19463 | Gauntlet | Found a transporter.
 19468 | Gauntlet | Found a transporter.
 19483 | Gauntlet | Found a transporter.
 19499 | Gauntlet | Noticed a reaper
 19504 | Gauntlet | Found a transporter.
 19513 | Gauntlet | Found a transporter.
 19601 | Gauntlet | Found a transporter.
 19616 | Gauntlet | Found a transporter.
 19638 | Gauntlet | Found a transporter.
 19645 | Gauntlet | Found a transporter.
 19663 | Gauntlet | Found a transporter.
 19732 | Gauntlet | Found a transporter.
 19734 | Gauntlet | Noticed a reaper
 19742 | Gauntlet | Found a transporter.
 19750 | Gauntlet | Found a transporter.
 19754 | Gauntlet | Found a transporter.
 19762 | Gauntlet | Found a transporter.
 19828 | Gauntlet | Identified the +1 pair of boots of Hopscotch {rCorr Int+2}
 19859 | Gauntlet | Identified the ring "Juhipram" {Wiz Drain rC+++ Str+4}
 20015 | Gauntlet | Identified the +0 pair of boots of Pantheism {Drain rC-
                  | rN+++ Regen+}
 20236 | Gauntlet | Identified the +3 morningstar of Salt {spect, rC+ Int+2}
 20236 | Gauntlet | Identified the +11 quarterstaff "Erghesch" {drain, Str-4
                  | Int+5 Dex+4}
 20237 | Gauntlet | Got the Codex of Charms
 20474 | D:2      | Killed Sigmund
 20996 | D:11     | Noticed Sonja
 21006 | D:11     | Killed Sonja
 21179 | D:11     | Found Liopreos's Magic Scroll Shop.
 21187 | D:11     | Bought a scroll of enchant weapon for 90 gold pieces
 21187 | D:11     | Bought a scroll of poison for 48 gold pieces
 21187 | D:11     | Bought a scroll of magic mapping for 90 gold pieces
 22081 | D:12     | Found a staircase to the Orcish Mines.
 22776 | Orc:1    | Entered Level 1 of the Orcish Mines
 22947 | Orc:2    | Entered Level 2 of the Orcish Mines
 23009 | Orc:2    | Found a staircase to the Elven Halls.
 23134 | Orc:1    | Noticed an orc warlord
 23208 | Orc:2    | Reached skill level 16 in Maces & Flails
 23383 | Orc:1    | Killed an orc warlord
 23638 | Orc:1    | Found Zuck's Assorted Antiques.
 23906 | Orc:2    | Found Jet Timm's Self-Improvement Boutique.
 24174 | Orc:2    | Found Noheshux's Antique Armour Boutique.
 24220 | Orc:2    | Found an ancient bone altar of Kikubaaqudgha.
 24238 | Orc:2    | Paralysed by an orc sorcerer for 4 turns
 24323 | Orc:2    | Found Ver Adem's Magic Scroll Boutique.
 24521 | Orc:2    | Found a radiant altar of Vehumet.
 24556 | Orc:2    | Bought a scroll of amnesia for 64 gold pieces
 24577 | Orc:2    | Found Vayrgh's Book Shop.
 24590 | Orc:2    | Found Neucak's Distillery.
 24595 | Orc:2    | Reached XP level 15. HP: 110/110 MP: 15/22
 24650 | Orc:2    | Bought a potion of curing for 36 gold pieces
 24713 | Orc:2    | Bought a manual of Fighting for 1440 gold pieces
 25192 | D:13     | Found Onooda Ybre's Assorted Antiques.
 25463 | D:13     | Found the necklace of Bloodlust {*Rage Will++ Int-3 Slay+6}
 25563 | D:13     | Identified the +0 leather armour of Ziduh {Dex+3}
 25777 | D:13     | Found Diqynaf's Jewellery Shoppe.
 26045 | D:14     | Found a gate to the Vaults.
 26060 | D:14     | Reached skill level 10 in Fighting
 26097 | D:14     | Noticed Rupert
 26566 | D:14     | Found an iron altar of Okawaru.
 26590 | D:14     | Paralysed by Rupert for 2 turns
 26597 | D:14     | Killed Rupert
 26793 | D:14     | Noticed Kirke
 26812 | D:14     | Killed Kirke
 26987 | D:14     | Noticed Agnes
 27003 | D:14     | Killed Agnes
 27168 | D:14     | Noticed Jorgrun
 27185 | D:14     | Killed Jorgrun
 27354 | D:15     | Entered Level 15 of the Dungeon
 27631 | D:15     | Reached skill level 10 in Shields
 27682 | D:15     | Found a staircase to the Depths.
 28948 | Orc:2    | Bought a pair of embroidered gloves for 240 gold pieces
 28994 | Orc:1    | Bought a scroll of enchant weapon for 255 gold pieces
 29222 | Spider:1 | Entered Level 1 of the Spider Nest
 29926 | Spider:1 | Reached XP level 16. HP: 133/133 MP: 23/23
 30132 | Spider:1 | Identified the +0 chain mail of Ifimic {+Blink rF+ Int+9
                  | Slay-6}
 31220 | Spider:2 | Noticed Arachne
 31259 | Spider:1 | Killed Arachne
 31896 | Spider:1 | Reached skill level 15 in Fighting
 32731 | Spider:2 | Reached skill level 10 in Evocations
 32931 | Spider:2 | Noticed Azrael
 32948 | Spider:2 | Killed Azrael
 32948 | Spider:2 | Enslaved Azrael
 32994 | Spider:2 | Noticed Louise
 33005 | Spider:2 | Killed Louise
 33477 | Spider:3 | Your ally Azrael died
 34388 | Spider:4 | Entered Level 4 of the Spider Nest
 34600 | Spider:4 | Reached XP level 17. HP: 140/142 MP: 22/24
 35481 | Spider:4 | Got a gossamer rune of Zot
 36522 | Swamp:1  | Entered Level 1 of the Swamp
 38187 | Swamp:3  | Identified Roxanne's Catalogue of the Boulder
 38187 | Swamp:3  | Noticed Roxanne
 38399 | Swamp:3  | Noticed Bai Suzhen
 38400 | Swamp:3  | Noticed Aizul
 38416 | Swamp:3  | Killed Aizul
 38421 | Swamp:3  | Killed Bai Suzhen
 38530 | Swamp:3  | Gained mutation: Your hexes are more powerful. [demonic
                  | ancestry]
 38530 | Swamp:3  | Reached XP level 18. HP: 143/149 MP: 27/27
 38627 | Swamp:3  | Your ally Aizul died
 38764 | Swamp:3  | Noticed Donald
 38773 | Swamp:3  | Killed Donald
 39142 | Swamp:3  | Killed Roxanne
 39532 | Swamp:4  | Entered Level 4 of the Swamp
 39664 | Swamp:4  | Noticed Nikola
 39688 | Swamp:4  | Killed Nikola
 40389 | Swamp:4  | Got a decaying rune of Zot
 40969 | Swamp:1  | Reached skill level 15 in Invocations
 41035 | Lair:1   | Upgraded the game from 0.29.0-5-ge4962eb29e to
                  | 0.29.0-7-g18a832c13a
 41144 | Vaults:1 | Entered Level 1 of the Vaults
 41945 | Vaults:1 | Reached skill level 15 in Armour
 43241 | Vaults:1 | Reached XP level 19. HP: 119/155 MP: 23/30
 43394 | Vaults:1 | Found a runed translucent gate.
 43395 | Vaults:1 | Found a runed translucent gate.
 43396 | Vaults:1 | Found a runed translucent gate.
 43396 | Vaults:1 | Noticed TPoD's ghost (adept HOMo)
 43431 | Vaults:1 | Killed TPoD's ghost
 43918 | Vaults:1 | Identified the +1 pair of gloves "Emopalyn" {Regen+}
 43932 | Vaults:1 | Identified the +3 hand axe of Ignis's Outrage {elec, Str+3}
 44090 | Vaults:2 | Found a crumbling gateway.
 44109 | Desolati | Entered the Desolation of Salt
 44579 | Desolati | Identified the amulet "Ronaotz" {Rampage Regen+ rCorr Int+2
                  | Dex-4}
 44710 | Desolati | Identified the +5 quarterstaff of Teiczi {distort, Str+5}
 44710 | Desolati | Identified the +6 quarterstaff "Lole" {pain, MP+9 Str+3}
 44720 | Desolati | Killed from afar by a halazid warlock

Illustrated notes

Levels and vault maps discovered:
D:1:      minmay_arrival_four_loops, layout_basic
D:2:      layout_rooms, serial_shops, shop, uniq_sigmund
D:3:      layout_basic, nicolae_ru_great_annihilating_truth, okawaru_trees_1,
          shapermc_ecumenical_altar_mp_vishouse, minmay_tree_intersection
D:4:      layout_loops_ring, minitemple, minmay_crystal_room
D:5:      layout_cave_pools, kennysheep_another_room, uniq_blork_the_orc
D:6:      layout_cave_pools, nicolae_ossuary_entry_ruins,
          minmay_misc_feat_encased, minmay_manual_mail, uniq_edmund,
          uniq_duvessa, uniq_pikel, uniq_crazy_yiuf_cottage
D:7:      layout_basic, minmay_temple_entry_offerings, uniq_joseph
D:8:      layout_basic, due_lair_maze_entry_diamond, nicolae_wwwww
D:9:      layout_grid_maze, uniq_maurice, uniq_amaemon
D:10:     layout_irregular_city, bloody_makhleb
D:11:     layout_stronghold, gauntlet_entry_generic, serial_shops,
          nicolae_shop_hallway_stairs, uniq_sonja
D:12:     layout_cave_pods, david_orc_4, elyvilon_altar_1
D:13:     kennysheep_blocky_hall, layout_basic, serial_shops, shop,
          nicolae_shop_window_shopping
D:14:     layout_roguey, skrybe_vaults_entry_preservation, lemuel_round_altar,
          uniq_agnes, uniq_jorgrun, uniq_rupert, uniq_kirke
D:15:     gammafunk_depths_entry_grave, layout_basic, skrybe_limestone_x
Temple:   grunt_temple_mini_profane
Lair:1:   layout_regular_city, enter_volcano_4, beast_lair_carwin_9,
          infiniplex_staircase_pool
Lair:2:   layout_cave_shapes, spider_nest_entry_a, uniq_harold
Lair:3:   layout_chaotic_city, swamp_mist, grunt_megastairs_5,
          lemuel_fruit_fields
Lair:4:   layout_big_grid, gammafunk_ghost_hydra_chop, grunt_megastairs_1,
          uniq_urug
Lair:5:   minmay_lair_end_enchanted_forest, layout_loops_ring, slime_entry_2,
          gammafunk_ghost_necromancy, st_stairs_12,
          chequers_serial_rivers_small_a, nicolae_quartered_pool_little,
          roderic_batcave, lemuel_fruit_tree
Swamp:1:  layout_basic_swamp, hangedman_swamp_ruin_wall, swamp_pool2,
          hangedman_swamp_dais
Swamp:2:  layout_basic_swamp, evilmike_swamp_ruin_house_2
Swamp:3:  layout_basic_swamp, evilmike_swamp_ruin_house_3, uniq_roxanne,
          uniq_donald, uniq_bai_suzhen, uniq_aizul
Swamp:4:  swamp_basic_johnstein, layout_basic_swamp, uniq_nikola
Spider:1: layout_chambers
Spider:2: layout_spider_delve, nicolae_arachne_temple, uniq_louise,
          uniq_arachne, uniq_azrael
Spider:3: layout_cave_pods, hangedman_spider_mandibles
Spider:4: spider_rune_water, beargit_elvish_explorers
Orc:1:    layout_caves, serial_shops, nicolae_shop_behind_doors
Orc:2:    kennysheep_orc_mage_school, layout_caves, basic_altar,
          nicolae_shop_self_help
Vaults:1: ebering_ghost_rock_garden, hangedman_vaults_slither, serial_ice_g,
          nicolae_vaults_statue_guard, vaults_mumra_lcd, v_misc_28,
          nicolae_vaults_three_branches, nicolae_vaults_twisting_passages,
          ontoclasm_vaults_decontamination, grunt_vaults_diagonal, v_rooms_3,
          nicolae_vaults_border_crossing, nicolae_vaults_specimen_jars,
          layout_vaults_omnicross
Vaults:2: portal_desolation_entry_salt, vaults_standard_mumra_x,
          ontoclasm_vaults_ligature, vaults_room_door_ring,
          nicolae_vaults_little_squares_3, minmay_crypt_entry_simple_sparse,
          vaults_mumra_hexcomb, nicolae_vaults_little_squares_4,
          vaults_dpeg_emergency_exit, v_pattern_3, v_rooms_4,
          layout_vaults_quadrants, uniq_zenata, uniq_mennas
Desolation

Skill      XL: |  1  2  3  4  5  6  7  8  9 10 11 12 13 14 15 16 17 18 19 |
---------------+----------------------------------------------------------+-----
Armour         | 2 3 4 5 9 10 11 13 15 | 15.0
Poison Magic   | 1 2 3 4 |  4.0
Invocations    | 2 7 10 12 15 | 15.0
Maces & Flails | 5 7 10 12 14 16 | 16.0
Fighting       | 3 5 7 14 15 | 15.2
Evocations     | 3 5 6 10 | 10.0
Dodging        | 6 10 12 13 | 13.2
Shields        | 4 5 7 10 12 13 | 13.8
Throwing       | 5 |  5.0
Stealth        | |  1.0
Spellcasting   | |  3.0
Summonings     | |  3.6

Action                   |  1- 3 |  4- 6 |  7- 9 | 10-12 | 13-15 | 16-18 | 19-21 || total
-------------------------+-------+-------+-------+-------+-------+-------+-------++-------
Melee: Dagger            |   101 |    71 |    77 |       |       |       |       ||   249
       Spear             |    68 |    54 |       |       |       |       |       ||   122
       Headbutt          |     6 |    20 |    28 |   164 |   412 |   413 |   100 ||  1143
       Flail             |       |       |   128 |   406 |    36 |       |       ||   570
       Punch             |       |       |     2 |     1 |       |       |       ||     3
       Demon whip        |       |       |       |   174 |  1411 |  1413 |   261 ||  3259
       Morningstar       |       |       |       |       |   108 |       |       ||   108
Throw: Boomerang         |       |       |     1 |     2 |     5 |       |       ||     8
       Javelin           |       |       |       |       |       |     1 |       ||     1
 Cast: Summon Small Mamm |     7 |    12 |       |       |       |       |       ||    19
Invok: Recall Undead Har |       |       |     1 |       |       |       |       ||     1
       Dark Bargain      |       |       |       |     2 |       |     3 |     1 ||     6
       Bind Soul         |       |       |       |       |     1 |     1 |     1 ||     3
       Drain Life        |       |       |       |       |     2 |     2 |       ||     4
Evoke: Wand              |       |       |       |     4 |     8 |    13 |     7 ||    32
       Condenser vane    |       |       |       |       |     2 |     3 |     1 ||     6
       Tin of tremorston |       |       |       |       |       |       |     2 ||     2
       Phial of floods   |       |       |       |       |       |       |     1 ||     1
  Use: Scroll            |       |     8 |    11 |    12 |    10 |     9 |     6 ||    56
       Potion            |       |       |     4 |     5 |     1 |     8 |     5 ||    23
 Stab: Paralysed         |     1 |     1 |       |       |     1 |       |       ||     3
       Distracted        |       |     1 |       |     3 |    19 |    32 |     9 ||    64
       Confused          |       |       |       |       |     1 |       |       ||     1
Armor: Scale mail        |    61 |       |       |       |       |       |       ||    61
       Ring mail         |    57 |    21 |       |       |       |       |       ||    78
       Plate armour      |       |    42 |   239 |   413 |   889 |   880 |   120 ||  2583
       Skin              |       |       |    11 |       |       |       |       ||    11
Dodge: Dodged            |    78 |    55 |    52 |   124 |   368 |   390 |    71 ||  1138
Block: Buckler           |       |       |       |    59 |    44 |       |       ||   103
       Kite shield       |       |       |       |       |   527 |   230 |       ||   757
       Tower shield      |       |       |       |       |       |   967 |   324 ||  1291
